 Dungeon Sprint DCSS version 0.27-a0-686-gaed091b46b (webtiles) character file.

Game seed: 11028407374955956618

240 mhtbhm the Protected (level 5, 0/84 HPs)
             Began as a Minotaur Fighter on Mar 20, 2021.
             Was a Believer of Trog.
             Slain by an orc
             ... wielding a +0 trident
              (2 damage)
             ... in the Dungeon (Sprint VII: "The Pits").
             The game lasted 00:00:25 (343 turns).

mhtbhm the Protected (Minotaur Fighter)              Turns: 343, Time: 00:00:25

Health: 0/84       AC:  8    Str: 22    XL:     5   Next: 80%
Magic:  4/4        EV:  9    Int:  5    God:    Trog [**....]
Gold:   0          SH: 11    Dex:  9    Spells: 4/4 levels left

rFire    . . .     SeeInvis .   a - +2 hand axe
rCold    . . .     Faith    .   c - +0 kite shield
rNeg     . . .     Spirit   .   b - +0 scale mail
rPois    .         Reflect  .   (helmet restricted)
rElec    .         Harm     .   (no cloak)
rCorr    .         Rampage  .   (no gloves)
Will     .....     NoTele   +   (no boots)
Stlth    ..........             (no amulet)
HPRegen  0.24/turn              (no ring)
MPRegen  0.09/turn              (no ring)

@: berserking (expiring), very quick
A: horns 2, retaliatory headbutt
a: Renounce Religion, Berserk, Trog's Hand


You were in the Dungeon.
You worshipped Trog.
Trog was pleased with you.
You visited 1 branch

Inventory:

Hand Weapons
 a - a +2 hand axe (weapon)
Armour
 b - a +0 scale mail (worn)
 c - a +0 kite shield (worn)
Scrolls
 j - a scroll of blinking
 l - a scroll of summoning
Potions
 d - a potion of might
 e - a potion of curing
 f - a potion of heal wounds
 g - a potion of haste
 h - 4 potions of magic
 i - 3 potions of berserk rage
 k - 2 potions of invisibility


   Skills:
 + Level 8.6 Fighting
 + Level 5.2 Axes
 + Level 9.0 Armour
 + Level 1.6 Dodging
 + Level 8.2 Shields


You had 4 spell levels left.
You didn't know any spells.
Your spell library was empty.

Dungeon Overview and Level Annotations

Branches:
Dungeon (1/1)

Altars:
Cheibriados
Dithmenos
Elyvilon
Fedhas
Gozag
Hepliaklqana
Makhleb
Nemelex Xobeh
Okawaru
Qazlal
Ru
Sif Muna
Trog
Vehumet
Wu Jian
Xom
Yredelemnul
Zin
The Shining One
Beogh
Jiyva
Lugonu


Innate Abilities, Weirdness & Mutations

You have a pair of horns on your head.
You reflexively headbutt those who attack you in melee.


Message History

You slash the floating eye!
The floating eye is almost dead.
You hit the wight.
The floating eye's stare focuses on you.
The wight hits you with a +3 scimitar.
* * * LOW HITPOINT WARNING * * *
You feel drained.
The orc hits you from afar with a +0 trident.
* * * LOW HITPOINT WARNING * * *
Unknown command.
You slash the floating eye!
You kill the floating eye!
Trog accepts your kill.
You closely miss the wight. You barely miss the frilled lizard.
You closely miss the wight. You block the wight's attack.
The wight closely misses you. You block the orc's attack.
Your life force feels restored.
Your Fighting skill gained 2 levels and is now at level 8!
Your Armour skill increases to level 8!
Your Dodging skill increases to level 1!
Your Shields skill increases to level 7!
You have reached level 5!
Unknown command.
You closely miss the wight. Your headbutt misses the wight.
You slash the wight! You slash the frilled lizard!
You kill the frilled lizard!
Trog accepts your kill.
You barely miss the wight. You hit the wight.
You destroy the wight!
Trog accepts your kill. The wight misses you.
The orc hits you from afar with a +0 trident.
* * * LOW HITPOINT WARNING * * *
Your Axes skill increases to level 5!
Your Armour skill increases to level 9!
Your Shields skill increases to level 8!
You barely miss the wight. The wight closely misses you.
You block the orc's attack.
You barely miss the wight. You block the wight's attack.
The orc hits you from afar with a +0 trident.
You die...

#)?(.')))'.##......#..
##########.##.........
#...........'.........
#+#####÷#####......#..
#..#...'.##.........
#..#...#.#####'#####
#.o#####.##.......#
#.†')..#.##.......#
#.z@..††.##.......#
#..########...<...#
#.. #.......# #..
#.......# ###
#.......# #########


You could see a wight and an orc.

Vanquished Creatures
  A floating eye (D)
  3 wights (D)
  A river rat (D)
  An ooze (D)
  A ball python (D)
  A frilled lizard (D)
  A goblin (D)
  A leopard gecko zombie (D)
10 creatures vanquished.

Notes
Turn   | Place    | Note
-------+----------+-------------------------------------------
     0 | D        | mhtbhm the Minotaur Fighter began the quest for the Orb.
     0 | D        | Reached XP level 1. HP: 19/19 MP: 0/0
    15 | D        | Reached skill level 4 in Armour
    19 | D        | Found a bloodstained altar of Trog.
    19 | D        | Found a shimmering blue altar of Sif Muna.
    19 | D        | Found a viscous altar of Jiyva.
    19 | D        | Found a hazy altar of Hepliaklqana.
    19 | D        | Found an opulent altar of Gozag.
    20 | D        | Found a glowing golden altar of the Shining One.
    20 | D        | Found a glowing silver altar of Zin.
    20 | D        | Found a basalt altar of Yredelemnul.
    20 | D        | Found a shimmering altar of Xom.
    20 | D        | Found an ornate altar of the Wu Jian Council.
    20 | D        | Found a sacrificial altar of Ru.
    20 | D        | Found a stormy altar of Qazlal.
    20 | D        | Found an iron altar of Okawaru.
    20 | D        | Found a sparkling altar of Nemelex Xobeh.
    20 | D        | Found a burning altar of Makhleb.
    20 | D        | Found a blossoming altar of Fedhas.
    20 | D        | Found a white marble altar of Elyvilon.
    20 | D        | Found a shadowy altar of Dithmenos.
    20 | D        | Found a snail-covered altar of Cheibriados.
    22 | D        | Found a radiant altar of Vehumet.
    22 | D        | Found a corrupted altar of Lugonu.
    24 | D        | Became a worshipper of Trog the Wrathful
    68 | D        | Reached XP level 2. HP: 6/28 MP: 1/1
   322 | D        | Reached * piety under Trog
   326 | D        | Reached skill level 5 in Fighting
   329 | D        | Noticed a wight
   329 | D        | Noticed a wight
   329 | D        | Noticed a wight
   333 | D        | Killed a wight
   334 | D        | Reached skill level 6 in Armour
   334 | D        | Reached skill level 5 in Shields
   334 | D        | Reached XP level 3. HP: 22/37 MP: 2/2
   335 | D        | Noticed a floating eye
   337 | D        | Reached ** piety under Trog
   338 | D        | Reached skill level 7 in Armour
   338 | D        | Reached XP level 4. HP: 9/45 MP: 3/3
   339 | D        | Killed a floating eye
   340 | D        | Reached skill level 8 in Armour
   340 | D        | Reached skill level 1 in Dodging
   340 | D        | Reached XP level 5. HP: 7/53 MP: 4/4
   341 | D        | HP: 2/79 [orc/+0 trident (6)]
   342 | D        | Reached skill level 5 in Axes
   342 | D        | Reached skill level 9 in Armour
   343 | D        | Slain by an orc

Illustrated notes

Levels and vault maps discovered:
D:        pitsprint [storerooms_1, entrance_room_1, metal_vault_3, armoury_2,
          mini_pit_1, grid_room_1, main_hall_1, silver_pit, the_coven_2,
          the_vestibule_1, steel_vault_5, golden_pit, hallway_of_sentries,
          crystal_vault_1, iron_vault_1, final_vault]

Skill      XL: |  1  2  3  4  5 |
---------------+----------------+-----
Fighting       | 4 6 8 |  8.6
Armour         | 4 6 7 8 9 |  9.0
Shields        | 4 5 6 7 8 |  8.2
Axes           | 3 4 5 |  5.2
Dodging        | 1 |  1.6

Action                   |  1- 3 |  4- 6 || total
-------------------------+-------+-------++-------
Melee: Hand axe          |    18 |     6 ||    24
       War axe           |     2 |       ||     2
       Headbutt          |     2 |       ||     2
Invok: Berserk           |     1 |       ||     1
Armor: Scale mail        |     4 |       ||     4
Dodge: Dodged            |     5 |     3 ||     8
Block: Kite shield       |    13 |     4 ||    17

Table legend: (Time is in decaauts)
 A = Elapsed time spent in this place.
 B = Non-inter-level travel time spent in this place.
 C = Inter-level travel time spent in this place.
 D = Time resting spent in this place.
 E = Time spent auto-exploring this place.
 F = Levels seen in this place.
 G = Mean time per level.
                   A        B        C        D        E       F      G
               +--------+--------+--------+--------+--------+-----+--------+
         Total |    346 |    346 |      0 |    240 |      0 |   1 |  346.0 |
       Dungeon |    346 |    346 |      0 |    240 |      0 |   1 |  346.0 |
               +--------+--------+--------+--------+--------+-----+--------+

Top non-repeatable levels by time:
       D: 346 daAuts
